Map: Arctic Dream LE

Players

qqq

  • Race: Protoss Protoss
  • League: Platinum
  • Spawn Location: 6:00

Massa

  • Race: Terran Terran
  • League: Gold
  • Spawn Location: 5:00

Jembo

  • Race: Terran Terran
  • League: Platinum
  • Spawn Location: 12:00

Vano

  • Race: Protoss Protoss
  • League: Gold
  • Spawn Location: 11:00

VOD

Have the link to the VOD?

Description

Time

  • Played on: June 5, 2020, 11:46 a.m.
  • Length: 2:07
Show
View Real Time Build Order
Export as new Build Order

qqq Protoss 

Build Orders: Cannon Rush 

Get SALT Encoding   

  12  0:03  Probe  
  13  0:18  Pylon  
  13  0:23  Probe  
  14  0:36  Forge  
  14  0:40  Probe  
  14  1:12  Pylon  
  14  1:17  Probe  
  15  1:29  Probe  
  15  1:32  Photon Cannon  
  16  1:33  Photon Cannon  
  16  1:43  Photon Cannon  
  16  1:46  Photon Cannon  
  16  2:00  Pylon  
Show
View Real Time Build Order
Export as new Build Order

Massa Terran 

Build Orders:  

Get SALT Encoding   

  12  0:10  Supply Depot  
  12  0:13  SCV  
  13  0:25  SCV  
  14  0:37  SCV  
  15  0:49  SCV  
  16  1:02  SCV  
  17  1:14  SCV, Barracks  
  18  1:29  SCV  
  19  1:41  SCV  
  20  1:53  SCV  
Show
View Real Time Build Order
Export as new Build Order

Jembo Terran 

Build Orders:  

Get SALT Encoding   

  12  0:01  SCV  
  13  0:13  SCV  
  14  0:21  Supply Depot  
  14  0:25  SCV  
  15  0:31  Refinery  
  15  0:43  SCV  
  15  0:45  Barracks  
  16  0:55  SCV  
  17  1:07  SCV  
  18  1:19  SCV  
  18  1:23  Supply Depot  
  19  1:31  SCV  
  20  1:34  Marine  
Show
View Real Time Build Order
Export as new Build Order

Vano Protoss 

Build Orders:  

Get SALT Encoding   

  12  0:01  Probe  
  13  0:14  Probe  
  14  0:26  Probe  
  15  0:31  Pylon  
  15  0:40  Assimilator  
  16  0:50  Probe (Chrono Boost)  
  16  0:56  Gateway  
  16  0:58  Probe (Chrono Boost)  
  17  1:05  Probe (Chrono Boost)  
  18  1:12  Assimilator  
  18  1:15  Probe (Chrono Boost)  
  19  1:20  Probe (Chrono Boost)  
  19  1:23  Forge  
  20  1:31  Probe  
  21  1:42  Pylon  
  21  1:43  Probe  
  22  1:47  Cybernetics Core  
Tags
 
Add a new tag
Caveats
  • Supply blocks, unpowered buildings, or Contaminate may cause inaccurate times.
  • Supply counts are checked every 10 seconds.